 Dungeon Crawl Stone Soup version 0.13.0-7-g3df9ff1 (webtiles) character file.

57032 HungrySpirit the Severer (level 14, -7/124 HPs)
             Began as a Minotaur Fighter on Oct 16, 2013.
             Was a High Priest of Okawaru.
             Killed from afar by a lindwurm (37 damage)
             ... with a blast of flame
             ... while paralysed
             ... on Level 8 of the Lair of Beasts.
             The game lasted 00:50:18 (19526 turns).

HungrySpirit the Severer (Minotaur Fighter)        Turns: 19526, Time: 00:50:18

HP  -7/124       AC 25     Str 26      XL: 14   Next: 37%
MP  17/18        EV  2     Int -2 (5)  God: Okawaru [*****.]
Gold 1736        SH  0     Dex 10      Spells:  0 memorised, 13 levels left

Res.Fire  : . . .   See Invis. : +   A - +3,+1 orc broad axe
Res.Cold  : + . .   Warding    : .   D - +0 orc plate armour
Life Prot.: . . .   Conserve   : +   J - -1 large shield
Res.Poison: .       Res.Corr.  : .   (helmet restricted)
Res.Elec. : .       Clarity    : .   b - +0 cloak {MR+} (curse)
Sust.Abil.: . .     Spirit.Shd : .   R - +3 pair of gauntlets of War {Acc+5 Dam+5}
Res.Mut.  : .       Stasis     : .   (no boots)
Res.Rott. : .       Flight     : .   v - amulet of conservation
Saprovore : . . .                    P - ring of see invisible
                                     B - cursed ring of Elyvilon's Fury {rC+ AC+1 Dam+3 Stlth-}

@: paralysed, lost intelligence, heroism, quite resistant to hostile
enchantments, extremely unstealthy
A: retaliatory headbutt, horns 2
a: Heroism, Finesse, Renounce Religion


You were on level 8 of the Lair of Beasts.
You worshipped Okawaru.
Okawaru was extremely pleased with you.
You were not hungry.

You visited 3 branches of the dungeon, and saw 22 of its levels.
You also visited: Labyrinth.

You collected 1716 gold pieces.

Inventory:

Hand weapons
 m - the +5,+4 hand axe of the Grey Skies (quivered) {freeze, rC+}
   (You found it on level 4 of the Dungeon)

   It has been specially enchanted to freeze those struck by it, causing extra
   injury to most foes and up to double damage against particularly susceptible
   opponents.
   It can also slow down cold-blooded creatures.
   It protects you from cold.
 A - a +3,+1 orcish broad axe (weapon)
Armour
 b - a cursed +0 cloak of magic resistance (worn)
 D - a +0 orcish plate armour (worn)
 J - a -1 large shield (worn)
 R - the +3 pair of gauntlets of War (worn) {Acc+5 Dam+5}
   (You found it in a labyrinth)

   It affects your accuracy (+5).
   It affects your damage-dealing abilities (+5).
Magical devices
 t - a wand of digging (7)
 x - a wand of teleportation (0) {unknown}
 I - a wand of lightning (0)
Comestibles
 a - 5 meat rations
 d - 4 bread rations
 j - 12 honeycombs
 G - 2 chokos
Scrolls
 f - 2 scrolls of fear
 k - 4 scrolls of enchant armour
 l - 8 scrolls of teleportation
 n - 16 scrolls of remove curse
 p - 2 scrolls of immolation
 y - 2 scrolls of magic mapping
 z - 2 scrolls of fog
 K - a scroll of blinking
Jewellery
 o - an uncursed ring of sustain abilities
 v - an amulet of conservation (around neck)
 B - the cursed ring of Elyvilon's Fury (left hand) {rC+ AC+1 Dam+3 Stlth-}
   (You found it on level 11 of the Dungeon)

   [ring of protection]

   It affects your AC (+1).
   It affects your damage-dealing abilities (+3).
   It protects you from cold.
   It makes you less stealthy.
   It has a curse placed upon it.
 E - an uncursed amulet of clarity
 M - an uncursed ring of protection from cold
 O - an uncursed ring of poison resistance {unknown}
 P - a ring of see invisible (right hand)
Potions
 c - 2 potions of speed
 e - 3 potions of restore abilities
 g - 2 potions of magic
 h - a potion of berserk rage {unknown}
 i - 11 potions of curing
 u - a potion of brilliance
 w - 7 potions of heal wounds
 F - a potion of resistance
 H - 2 potions of mutation {unknown}
 L - a potion of flight


   Skills:
 + Level 13.2(18.2) Fighting
 - Level 18.3(23.3) Axes
 - Level 12.0(17.0) Armour
 * Level 14.0(19.0) Shields
 - Level 6.0 Invocations


You had 13 spell levels left.
You didn't know any spells.

Dungeon Overview and Level Annotations

Branches:
Dungeon (13/27)            Temple (1/1) D:4             Orc (0/4) D:9
   Lair (8/8) D:13         Shoals (0/5) Lair:3        Snake (0/5) Lair:5
  Slime (0/6) Lair:8

Altars:
Ashenzari
Cheibriados
Elyvilon
Fedhas
Kikubaaqudgha
Makhleb
Nemelex Xobeh
Okawaru
Sif Muna
Trog
Vehumet
Xom
Yredelemnul
Zin
the Shining One
Jiyva

Shops:
D:11 [   D:12 =[[

Annotations:
D:13 exclusions: oklob sapling and 1 more exclusion


Innate Abilities, Weirdness & Mutations

You reflexively headbutt those who attack you in melee.
You have a pair of horns on your head.


Message History

The giant leech draws strength from your injuries!
The lindwurm breathes fire at you. The blast of flame hits you!
The giant leech bites you but does no damage.
The lindwurm breathes fire at you. The blast of flame hits you!
The giant leech bites you!
The giant leech draws strength from your injuries!
The lindwurm bites you but does no damage.
The lindwurm claws you.
The lindwurm claws you but does no damage.
The brain worm's bulging head throbs.
You feel dopey.
You convulse from lack of intelligence!
* * * LOW HITPOINT WARNING * * *
Something feeds on your intellect!
A giant leech comes into view.
The lindwurm breathes fire at you. The blast of flame hits you!
You die...

##*## ###### .##.#
#####....### ...###
##.......@lw#*
#....###....P####www#
###....#..#### **#ww#
###....### *,,.w#*
###....### *,,,.?#
#.#...P.###*,,.##
####......###**#
####........#,* ##
#.#...#.##...#*


You could see 3 giant leeches, 2 spiny worms, a lindwurm and 2 brain worms.

Vanquished Creatures
  Maud (Lair:4)
  The ghost of letownia the Necromancer, a powerful DDNe of Sif Muna (D:12)
  A dragon (Lair:8)
  A minotaur (Lab)
  Erica (D:13)
  3 death yaks (Lair:6)
  3 hydras
  A catoblepas (Lair:3)
  5 hill giants
  A griffon (Lair:3)
  5 spiny worms (Lair:8)
  2 black mambas
  5 elephants (Lair:5)
  9 spiny frogs
  A yaktaur (shapeshifter) (D:13)
  A troll (D:11)
  2 fire drakes
  4 giant fireflies (Lair:8)
  5 komodo dragons
  A spriggan (shapeshifter) (D:13)
  8 slime creatures
  22 blink frogs
  6 polar bears (Lair:8)
  A queen bee (Lair:6)
  2 basilisks
  A trapdoor spider (D:12)
  3 wandering mushrooms (D:13)
  2 wraiths
  11 grizzly bears (Lair:8)
  47 yaks
  A shark (D:10)
  2 elephant slugs
  5 hippogriffs
  Grum (D:8)
  3 hungry ghosts
  A hill giant skeleton (D:12)
  5 rock worms
  Edmund (D:8)
  4 manticores
  4 nagas (Lair:5)
  14 porcupines
  10 wolves
  A swamp drake (shapeshifter) (D:13)
  A necrophage (D:10)
  3 sky beasts
  6 orc warriors
  7 black bears
  An ice beast (D:5)
  A mottled dragon (D:11)
  A blink frog zombie (D:13)
  6 ogres
  8 centaurs
  A phantom (D:4)
  A big kobold (D:9)
  7 giant slugs
  12 crocodiles
  15 water moccasins
  Blork the orc (D:5)
  6 agate snails
  13 giant frogs
  16 killer bees
  2 yak zombies
  2 eyes of draining
  2 jellyfish (D:10)
  4 wights (D:13)
  An electric eel (D:10)
  A hippogriff skeleton (D:13)
  A yak skeleton (D:10)
  2 goliath beetles
  A jelly (D:7)
  A giant frog skeleton (D:11)
  9 hounds
  5 orc priests
  9 crimson imps
  12 orc wizards
  A two-headed ogre skeleton (D:12)
  5 scorpions
  8 iguanas
  11 worker ants
  28 sheep
  An ogre zombie (D:7)
  An ogre skeleton (D:5)
  27 adders
  2 giant centipedes
  16 green rats
  2 giant mites
  An inept feature mimic (D:2)
  19 worms
  10 giant geckos
  2 oozes
  31 orcs
  27 bats
  8 giant cockroaches
  15 hobgoblins
  4 jackals
  19 kobolds
  5 quokkas
  A ball python (D:3)
  4 giant newts
  2 giant spores
  8 goblins
  An orc skeleton (D:9)
  30 rats
  A rat zombie (D:5)
  2 ballistomycetes (D:7)
  7 fungi
  10 plants
675 creatures vanquished.

Vanquished Creatures (others)
  3 humans (D:12)
  2 fungi
  3 plants
8 creatures vanquished.

Grand Total: 683 creatures vanquished

Notes
Turn   | Place    | Note
--------------------------------------------------------------
     0 | D:1      | HungrySpirit, the Minotaur Fighter, began the quest for the Orb.
     0 | D:1      | Reached XP level 1. HP: 19/19 MP: 0/0
   226 | D:1      | Reached XP level 2. HP: 21/26 MP: 0/0
   561 | D:1      | Reached skill level 4 in Axes
   746 | D:1      | Reached XP level 3. HP: 33/33 MP: 1/1
  1395 | D:3      | Reached skill level 5 in Axes
  1652 | D:3      | Reached XP level 4. HP: 39/39 MP: 1/1
  1726 | D:3      | Reached skill level 6 in Axes
  2091 | D:3      | Reached XP level 5. HP: 46/46 MP: 1/1
  2213 | D:4      | Got a slimy hand axe
  2214 | D:4      | Identified the hand axe of the Grey Skies {freeze, rC+} (You found it on level 4 of the Dungeon)
  2230 | D:4      | Found a staircase to the Ecumenical Temple.
  2260 | D:4      | Reached skill level 7 in Axes
  2367 | D:4      | Found a bloodstained altar of Trog.
  2397 | D:5      | Entered Level 5 of the Dungeon
  2398 | D:5      | Reached XP level 6. HP: 46/52 MP: 2/2
  2462 | D:5      | Noticed a centaur
  2471 | D:5      | Killed a centaur
  2471 | D:5      | Reached skill level 8 in Axes
  2647 | D:5      | Noticed a sky beast
  2654 | D:5      | Killed a sky beast
  2654 | D:5      | Reached skill level 9 in Axes
  2677 | D:5      | Reached XP level 7. HP: 45/59 MP: 2/2
  2727 | D:5      | Noticed an ogre
  2742 | D:5      | Killed an ogre
  2934 | D:5      | Reached skill level 10 in Axes
  2954 | D:5      | Noticed an ogre
  2964 | D:5      | Killed an ogre
  3092 | Temple   | Entered the Ecumenical Temple
  3240 | Temple   | Became a worshipper of Warmaster Okawaru
  3351 | D:4      | Noticed a phantom
  3368 | D:4      | Killed a phantom
  3593 | D:5      | Noticed Blork the orc
  3600 | D:5      | Killed Blork the orc
  3600 | D:5      | Reached XP level 8. HP: 63/66 MP: 2/2
  3611 | D:5      | Acquired Okawaru's first power
  3611 | D:5      | Reached skill level 11 in Axes
  3620 | D:5      | Reached skill level 5 in Shields
  3670 | D:5      | Noticed a centaur
  3676 | D:5      | Killed a centaur
  3690 | D:5      | Noticed an ice beast
  3699 | D:5      | Killed an ice beast
  4364 | D:7      | Reached skill level 12 in Axes
  4452 | D:7      | Reached XP level 9. HP: 55/72 MP: 3/3
  5345 | D:8      | Reached skill level 5 in Fighting
  5373 | D:8      | Found a burning altar of Makhleb.
  5495 | D:8      | Noticed Grum
  5500 | D:8      | Reached skill level 13 in Axes
  5517 | D:8      | Killed Grum
  5703 | D:8      | Noticed Edmund
  5712 | D:8      | Killed Edmund
  6132 | D:9      | Found a staircase to the Orcish Mines.
  6185 | D:9      | Reached XP level 10. HP: 67/84 MP: 3/3
  6692 | D:10     | Entered Level 10 of the Dungeon
  6700 | D:10     | Reached skill level 14 in Axes
  7631 | D:10     | Acquired Okawaru's second power
  7786 | D:11     | Reached skill level 10 in Fighting
  7792 | D:11     | Reached skill level 15 in Axes
  7822 | D:11     | Got a transparent bone ring
  7823 | D:11     | Identified the ring of Elyvilon's Fury {rC+ AC+1 Dam+3 Stlth-} (You found it on level 11 of the Dungeon)
  7990 | D:11     | Noticed a hill giant
  8000 | D:11     | Killed a hill giant
  8109 | D:11     | Found Smeosuji's Armour Shoppe.
  8332 | D:11     | Noticed a hill giant
  8339 | D:11     | Killed a hill giant
  8339 | D:11     | Reached skill level 5 in Armour
  8339 | D:11     | Reached XP level 11. HP: 49/94 MP: 1/3
  9006 | D:12     | Noticed a hill giant
  9245 | D:12     | Noticed a hill giant
  9252 | D:12     | Killed a human
  9252 | D:12     | Killed a hill giant
  9342 | D:12     | Noticed a death yak
  9480 | D:12     | Killed a hill giant
  9480 | D:12     | Received a gift from Okawaru
  9618 | D:12     | Noticed letownia's ghost (powerful DDNe)
  9630 | D:12     | Killed letownia's ghost
  9630 | D:12     | Reached skill level 16 in Axes
  9647 | D:12     | Found Loulezal's Antique Armour Emporium.
  9828 | D:12     | Found Qiqiuff's Antique Armour Shoppe.
  9855 | D:12     | Found Xucaut's Jewellery Boutique.
  9870 | D:12     | Noticed a hill giant
  9878 | D:12     | Killed a hill giant
  9878 | D:12     | Reached skill level 1 in Invocations
 10037 | D:13     | Found a staircase to the Lair.
 10226 | D:13     | Noticed Erica
 10243 | D:13     | Killed Erica
 10281 | D:13     | Reached skill level 17 in Axes
 10281 | D:13     | Reached XP level 12. HP: 83/103 MP: 3/12
 10472 | D:13     | Found a blossoming altar of Fedhas.
 10612 | D:13     | Received a gift from Okawaru
 10845 | D:13     | Reached skill level 5 in Invocations
 10971 | D:13     | Noticed a seven-headed hydra
 11133 | Lair:1   | Entered Level 1 of the Lair of Beasts
 12473 | Lair:2   | Reached skill level 18 in Axes
 12685 | Lair:2   | Received a gift from Okawaru
 13606 | Lair:3   | Reached skill level 10 in Armour
 13616 | Lair:3   | Reached XP level 13. HP: 33/111 MP: 17/17
 13623 | Lair:3   | Found a staircase to the Shoals.
 14106 | Lair:4   | Received a gift from Okawaru
 14114 | Lair:4   | Got a polished war axe {god gift}
 14124 | Lair:4   | Identified the war axe of Prudence {god gift, drain, Str-4 Dex+1} (Okawaru gifted it to you on level 4 of the Lair of Beasts)
 14478 | Lair:4   | Noticed Maud
 14501 | Lair:4   | Killed Maud
 14827 | Lair:4   | Reached skill level 10 in Shields
 15216 | Lair:5   | Found a staircase to the Snake Pit.
 15302 | Lair:5   | Received a gift from Okawaru
 15997 | Lair:6   | Identified A Primer on Wizardry (You found it on level 6 of the Lair of Beasts)
 16946 | Lair:7   | Received a gift from Okawaru
 17276 | Lair:8   | Entered Level 8 of the Lair of Beasts
 17283 | Lair:8   | Found a staircase to the Slime Pits.
 17283 | Lair:8   | Found a viscous altar of Jiyva.
 17393 | Lair:8   | Found a labyrinth entrance.
 17408 | Lab      | Entered a labyrinth
 17903 | Lab      | Identified the Compendium of Kismet
 17903 | Lab      | Identified Sif Muna's Collected Works on Icy Aid
 17954 | Lair:8   | Reached XP level 14. HP: 120/122 MP: 18/18
 18450 | Lair:8   | Received a gift from Okawaru
 19522 | Lair:8   | Lost intelligence.
 19526 | Lair:8   | Killed from afar by a lindwurm

Action                   |  1- 3 |  4- 6 |  7- 9 | 10-12 | 13-15 || total
-------------------------+-------+-------+-------+-------+-------++-------
Melee: Hand axe          |   155 |    95 |   307 |   251 |       ||   808
       Broad axe         |       |       |       |   509 |   569 ||  1078
       War axe           |       |       |       |       |    17 ||    17
Invok: Heroism           |       |       |     2 |     9 |     8 ||    19
       Finesse           |       |       |       |       |     2 ||     2
Evoke: Wand              |       |       |     4 |     7 |    24 ||    35
  Use: Scroll            |       |     1 |    16 |    13 |     8 ||    38
       Potion            |       |       |     1 |     1 |       ||     2
 Stab: Fleeing           |       |       |       |       |     1 ||     1
